 Dungeon Crawl Stone Soup version 0.19.1 (webtiles) character file.

100 Dfrag the Firebug (level 4, -9/30 HPs)
             Began as a Demonspawn Fire Elementalist on Nov 29, 2016.
             Mangled by a gnoll
             ... wielding a +0 halberd
              (14 damage)
             ... on level 2 of the Dungeon.
             The game lasted 00:01:43 (2177 turns).

Dfrag the Firebug (Demonspawn Fire Elementalist)    Turns: 2177, Time: 00:01:44

Health: -9/30      AC:  2    Str:  8    XL:     4   Next: 46%
Magic:  0/8        EV: 12    Int: 18    God:
Gold:   47         SH:  0    Dex: 13    Spells: 1 memorised, 7 levels left

rFire  . . .     SeeInvis .     d - +2 spear (venom)
rCold  . . .     Gourm    .     a - +0 robe
rNeg   . . .     Faith    .     (no shield)
rPois  .         Spirit   +     (no helmet)
rElec  .         Reflect  .     (no cloak)
rCorr  .         Harm     .     (no gloves)
MR     .....                    (no boots)
Stlth  ++........               (no amulet)
                                (no ring)
                                (no ring)

@: very slightly contaminated
A: talons 1, magic shield
a: no special abilities


You were on level 2 of the Dungeon.
You were not hungry.

You visited 1 branch of the dungeon, and saw 3 of its levels.

You collected 47 gold pieces.

Inventory:

Hand Weapons
 d - a +2 spear of venom (weapon)
Missiles
 k - 7 javelins of penetration (quivered)
Armour
 a - a +0 robe (worn)
Jewellery
 e - a +2 amulet of reflection {unknown}
Scrolls
 f - a scroll of immolation {unknown}
 h - 2 scrolls of identify {unknown}
 i - a scroll of amnesia {unknown}
 m - a scroll of remove curse {unknown}
 n - a scroll of fog {unknown}
 q - a scroll of recharging {unknown}
 r - a scroll of teleportation {unknown}
Potions
 g - 2 potions of curing {unknown}
 j - 2 potions of degeneration {unknown}
 l - a potion of invisibility {unknown}
 o - a potion of agility {unknown}
Books
 b - a book of Flames

   Spells                             Type                      Level
   a - Flame Tongue                   Conjuration/Fire             1
   b - Throw Flame                    Conjuration/Fire             2
   c - Conjure Flame                  Conjuration/Fire             3
   d - Inner Flame                    Hexes/Fire                   3
   e - Sticky Flame                   Conjuration/Fire             4
   f - Fireball                       Conjuration/Fire             5
Comestibles
 c - 3 bread rations
 p - a chunk of flesh


   Skills:
 - Level 1.7 Dodging
 - Level 1.7 Stealth
 + Level 2.9 Spellcasting
 + Level 2.4 Conjurations
 + Level 3.6 Fire Magic


You had 7 spell levels left.
You knew the following spells:

 Your Spells              Type           Power        Failure   Level  Hunger
a - Flame Tongue          Conj/Fire      ##...        6%          1    None


Dungeon Overview and Level Annotations

Branches:
Dungeon (3/15)

Altars:


Innate Abilities, Weirdness & Mutations

You have sharp toenails.
When hurt, damage is shared between your health and your magic reserves.


Message History

Aiming: Flame Tongue
Press: ? - help, Shift-Dir - straight line, f/p - dart slug
Aim: a dart slug (clinging)
The flame tongue hits the dart slug.
The dart slug is severely wounded.
The gnoll closely misses you. x2; The dart slug closely misses you.
The gnoll closely misses you. The gnoll hits you with a halberd.
You climb upwards.
There is a stone staircase leading down here.
You hit the dart slug.
The dart slug is severely wounded.
The dart slug launches a dart at you. The slug dart misses you.
The gnoll hits you with a halberd!
* * * LOW HITPOINT WARNING * * *
The gnoll barely misses you.
The dart slug bites you but does no damage.
You hit the dart slug.
You kill the dart slug!
The gnoll hits you from afar with a halberd!
You die...

#.###..#####..# #................
#.# #..# #..# #..#####..#.#####
#.###..#####..# #..# #..#.#
.........##...# #..# #..#.#
#.###..#.##...# #..# #..#.#
#.###..#.##...###..# #..#.#####
...................# #.........
.........##....##.######..#.#####
#.###..#.##.)...@).)......#.#####
#.###..#........#>g..............
#...............#################
.................................
#.###............................
#.###..####.....#################
#...............# #
######.##.#.....# #
................# #


You could see a gnoll.

Vanquished Creatures
  2 gnolls (D:2)
  4 adders
  2 worms (D:2)
  3 dart slugs
  2 giant cockroaches (D:2)
  6 goblins
  5 hobgoblins
  2 kobolds
  A quokka (D:2)
  A ball python (D:2)
  4 bats
  3 rats
35 creatures vanquished.

Notes
Turn   | Place    | Note
-------+----------+-------------------------------------------
     0 | D:1      | Dfrag the Demonspawn Fire Elementalist began the quest for the Orb.
     0 | D:1      | Reached XP level 1. HP: 13/13 MP: 3/3
   239 | D:1      | Gained mutation: You have sharp toenails. [demonic ancestry]
   239 | D:1      | Reached XP level 2. HP: 14/19 MP: 5/5
   260 | D:1      | Reached skill level 3 in Fire Magic
   696 | D:2      | Gained mutation: When hurt, damage is shared between your health and your magic reserves. [demonic ancestry]
   696 | D:2      | Reached XP level 3. HP: 17/24 MP: 6/6
  1603 | D:3      | Reached XP level 4. HP: 30/30 MP: 8/8
  2177 | D:2      | Mangled by a gnoll

Skill      XL: |  1  2  3 |
---------------+----------+-----
Fire Magic     | 3 |  3.6
Conjurations   | 2 |  2.4
Dodging        | |  1.7
Stealth        | |  1.7
Spellcasting   | |  2.9

Action                   |  1- 3 |  4- 6 || total
-------------------------+-------+-------++-------
Melee: Spear             |    76 |     8 ||    84
       Kick              |    16 |       ||    16
 Cast: Flame Tongue      |     3 |     7 ||    10
 Stab: Sleeping          |     7 |     1 ||     8
  Eat: Chunk             |     2 |     2 ||     4
Armor: Robe              |     8 |     2 ||    10
Dodge: Dodged            |    33 |    17 ||    50
